 Dungeon Crawl Stone Soup version 0.30-a0-1116-gebefce21f7 (webtiles) character file.

Game seed: 3147950082683765183

849 BlueFish the Sneak (level 8, -6/54 HPs)
             Began as an Octopode Fighter on Apr 21, 2023.
             Splashed by a jelly's acid (9 damage)
             ... on level 5 of the Dungeon.
             The game lasted 00:12:00 (5151 turns).

BlueFish the Sneak (Octopode Fighter)               Turns: 5151, Time: 00:12:01

Health: -6/54      AC: -15   Str: 17    XL:     8   Next: 1%
Magic:  17/17      EV: 13    Int: 17    God:
Gold:   311        SH:  5    Dex: 11    Spells: 7/7 levels left

rFire   + + .      SeeInvis .    a - +1 whip (drain)
rCold   + . .      Faith    .    b - +0 buckler
rNeg    . . .      Spirit   .    (helmet restricted)
rPois   .          Reflect  .    (no amulet)
rElec   +          Rampage  .    g - ring of flight
rCorr   .                        u - +6 ring of intelligence
Will    .....                    F - ring of the Barracuda {rElec rF++ rC+ MP+9}
Stlth   ++++                     (no ring)
HPRegen 0.29/turn                (no ring)
MPRegen 0.15/turn                (no ring)
                                 (no ring)
                                 (no ring)

@: corroded, flying, invisible (expiring)
A: almost no armour, amphibious, 8 rings, camouflage 1, gelatinous body 1,
(nimble swimmer 1), tentacles
a: no special abilities


You were on level 5 of the Dungeon.
You visited 1 branch of the dungeon, and saw 5 of its levels.
You also visited: Ossuary.

You collected 311 gold pieces.

Inventory:

Hand Weapons
 a - a +1 whip of draining (weapon)
 y - a +0 flail
 D - a +0 whip
Missiles
 h - 33 stones (quivered)
 p - 5 poisoned darts
 t - 3 boomerangs
Armour
 b - a +0 buckler (worn)
Jewellery
 g - a ring of flight (left tentacle)
 u - a +6 ring of intelligence (right tentacle)
 F - the ring of the Barracuda (on tentacle) {rElec rF++ rC+ MP+9}
   (You found it on level 5 of the Dungeon)

   [ring of magical power]

   rF:        It greatly protects you from fire.
   rC:        It protects you from cold.
   rElec:     It insulates you from electricity.
   MP:        It affects your magic capacity (+9).
Wands
 x - a wand of roots (4)
 E - a wand of digging (7)
Scrolls
 e - 2 scrolls of noise
 j - a scroll of enchant weapon {unknown}
 l - a scroll of enchant armour {unknown}
 m - a scroll of acquirement {unknown}
 o - a scroll of magic mapping {unknown}
 s - a scroll of amnesia {unknown}
 v - a scroll of poison {unknown}
 w - a scroll of fog {unknown}
 A - 2 scrolls of blinking {unknown}
 B - a scroll of fear {unknown}
 C - a scroll of immolation
 G - 2 scrolls of vulnerability {unknown}
 K - a scroll of teleportation {unknown}
Potions
 c - 3 potions of might
 d - 3 potions of curing
 f - a potion of invisibility
 i - 4 potions of flight
 k - a potion of ambrosia {unknown}
 n - 7 potions of haste
 q - 2 potions of magic
 z - 2 potions of mutation {unknown}
 H - a potion of attraction {unknown}
 I - 2 potions of heal wounds {unknown}
 J - a potion of lignification {unknown}


   Skills:
 + Level 4.4 Fighting
 + Level 3.7 Maces & Flails
 + Level 2.7 Throwing
 + Level 4.3 Dodging
 * Level 6.6 Stealth
 + Level 4.4 Shields


You had 7 spell levels left.
You didn't know any spells.
Your spell library contained the following spells:

 Spells                   Type           Power      Damage    Failure   Level
 Vhi's Electric Charge    Tloc/Air       0%         N/A       65%         3
 Arcjolt                  Conj/Air       0%         1d10      100%        5
 Plasma Beam              Fire/Air       0%         2x1d11    100%        6


Dungeon Overview and Level Annotations

Branches:
Dungeon (5/15)            Ossuary (visited)
 Temple: D:4-7

Altars:
Yredelemnul

Shops:
D:4 !


Innate Abilities, Weirdness & Mutations

You cannot wear most types of armour.
You are amphibious.
You can wear up to eight rings at the same time.
Your skin changes colour to match your surroundings (Stealth+).
Your rubbery body absorbs attacks. (AC +1, EV +1)
((You are camouflaged when in or above water. (Stealth+)))
You have tentacles for arms and can constrict up to eight enemies at once.


Message History

j - a scroll labelled XOEPTO RUS
There is a stone staircase leading up here.
t - 3 boomerangs (gained 1)
You see here a +0 whip.
You now have 311 gold pieces (gained 7).
A dart slug comes into view.
A jelly comes into view.
The dart slug misses you.
The jelly quivers.
The jelly hits you.
You are splashed with acid.
You hit the jelly. The acid corrodes you!
Your tentacles burn!
The jelly is lightly wounded.
The jelly hits you. The acid corrodes you!
You are splashed with acid!
You hit the jelly but do no damage. The acid corrodes you!
Your tentacles burn!
You squeeze the jelly, but do no damage.
The jelly hits you. The acid corrodes you!
You are splashed with acid!
You hit the jelly.
Your tentacles burn!
* * * LOW HITPOINT WARNING * * *
The jelly is lightly wounded.
The jelly hits you.
* * * LOW HITPOINT WARNING * * *
You are splashed with acid.
* * * LOW HITPOINT WARNING * * *
Okay, then.
You feel better. The jelly misses you.
You fade into invisibility!
The jelly closely misses you. The jelly attacks as you move away!
You block the jelly's attack.
You flicker for a moment.
You hit the jelly.
Your tentacles burn!
The jelly is moderately wounded.
The jelly hits you. The acid corrodes you!
You are splashed with acid!
* * * LOW HITPOINT WARNING * * *
You hit the jelly but do no damage. You drain the jelly.
Your tentacles burn!
* * * LOW HITPOINT WARNING * * *
The jelly is heavily wounded.
The jelly hits you.
* * * LOW HITPOINT WARNING * * *
You are splashed with acid!
You die...

. #.#......###.^................#
.##........#........######.###..#
.##...###.....#.#.#)######.###..#
.# ... ...............w.........
. ..... ........................
#...# ...................##..#
....###.#####..#..######.###..#
#...##.........J..# #.......
#...##..#####.@#.....# #.###..#
#...##..# #..#.......... .... #
#...##..# ##..#..#..###.###..#
###...##..####...#..#....... ....
......##..##........#.####.# #..#
..#.#............#..# ... ...#
#...................... .. ....
#.#.#########..#.#.####
#.#...#### #..#.#...


You could see a jelly (very drained) and a dart slug (wandering, unable to see
you).

Vanquished Creatures
  Menkaure (Ossuary)
  Duvessa (D:5)
  Dowan (D:5)
  3 centaur zombies (Ossuary)
  2 orc priests (D:5)
  A jelly (D:4)
  Ijyb (D:3)
  Natasha (thrice) (D:3)
  2 ogre zombies (Ossuary)
  6 mummies (Ossuary)
  4 gnolls
  2 adders
  An ufetubus (D:5)
  3 adder zombies (Ossuary)
  3 dart slugs
  14 orcs
  8 endoplasms
  3 giant cockroaches (D:1)
  9 goblins
  7 hobgoblins
  3 kobolds
  7 quokkas
  5 ball pythons
  7 bats
  2 frilled lizards (D:1)
  3 goblin zombies (Ossuary)
  8 hobgoblin zombies (Ossuary)
  3 kobold zombies (Ossuary)
  3 quokka zombies (Ossuary)
  4 rats
  5 rat zombies (Ossuary)
  A spectral kobold (D:1)
  A spectral orc (D:3)
127 creatures vanquished.

Notes
Turn   | Place    | Note
-------+----------+-------------------------------------------
     0 | D:1      | BlueFish the Octopode Fighter began the quest for the Orb.
     0 | D:1      | Reached XP level 1. HP: 16/16 MP: 1/1
    91 | D:1      | Reached skill level 1 in Stealth
    97 | D:1      | Found a faded altar of an unknown god.
   107 | D:1      | Reached XP level 2. HP: 20/20 MP: 2/2
   263 | D:1      | Reached skill level 2 in Stealth
   263 | D:1      | Reached XP level 3. HP: 20/26 MP: 3/3
  1224 | D:2      | Reached XP level 4. HP: 31/31 MP: 4/4
  1688 | D:3      | Noticed Natasha
  1695 | D:3      | Killed Natasha
  1696 | D:3      | Reached skill level 3 in Stealth
  1865 | D:3      | Noticed Natasha
  1877 | D:3      | Killed Natasha
  1878 | D:3      | Reached skill level 1 in Throwing
  1878 | D:3      | Reached XP level 5. HP: 36/36 MP: 5/5
  2005 | D:3      | Noticed Natasha
  2012 | D:3      | Killed Natasha
  2139 | D:3      | Noticed Ijyb
  2274 | D:3      | Killed Ijyb
  2275 | D:3      | Reached skill level 4 in Stealth
  2535 | D:3      | Found a basalt altar of Yredelemnul.
  2976 | D:4      | Reached XP level 6. HP: 12/43 MP: 6/6
  3146 | D:4      | Found Emaitov's Distillery.
  3439 | D:5      | Entered Level 5 of the Dungeon
  3607 | D:5      | Noticed Duvessa
  3607 | D:5      | Noticed Dowan
  3614 | D:5      | Killed Duvessa
  3622 | D:5      | Killed Dowan
  3623 | D:5      | Reached skill level 5 in Stealth
  3648 | D:5      | Identified the ring of the Barracuda {rElec rF++ rC+ MP+9}
  3825 | D:5      | Found a sand-covered staircase.
  3830 | Ossuary  | Entered an ossuary
  3852 | Ossuary  | Reached XP level 7. HP: 43/48 MP: 7/7
  3916 | Ossuary  | Noticed Menkaure
  4479 | Ossuary  | Reached skill level 6 in Stealth
  4541 | Ossuary  | Killed Menkaure
  4943 | D:5      | Reached XP level 8. HP: 51/54 MP: 8/8
  5151 | D:5      | Splashed by a jelly's acid

Illustrated notes

Levels and vault maps discovered:
D:1:      lemuel_arrival_muddy, layout_basic,
          dreamdust_ecumenical_altar_drowned_temple
D:2:      layout_basic, serial_rivers, chequers_serial_rivers_micro_a,
          chequers_serial_rivers_micro_c, chequers_serial_rivers_micro_e,
          chequers_serial_rivers_micro_b, hangedman_decor_clover_reticule,
          columned_hall_lemuel, minmay_door_square
D:3:      layout_loops_ring, yredelemnul_forgotten_temple_becter,
          chequers_serial_rivers_room_b, uniq_ijyb, uniq_natasha
D:4:      layout_loops_ring, serial_shops, shop,
          hangedman_abyss_or_decor_stagger
D:5:      minmay_clustersquares, layout_basic, enter_ossuary_2, uniq_duvessa

Skill      XL: |  1  2  3  4  5  6  7 |
---------------+----------------------+-----
Stealth        | 1 2 3 4 5 6 |  6.6
Throwing       | 1 2 |  2.7
Maces & Flails | 3 |  3.7
Fighting       | 4 |  4.4
Shields        | 4 |  4.4
Dodging        | 4 |  4.3

Action                     |  1- 3 |  4- 6 |  7- 9 || total
---------------------------+-------+-------+-------++-------
  Melee: Flail             |    65 |    49 |       ||   114
         Tentacles         |    10 |    26 |    34 ||    70
         Constrict         |    16 |    20 |    32 ||    68
         Whip              |       |    40 |   133 ||   173
         Punch             |       |     2 |     5 ||     7
  Throw: Stone             |       |       |     2 ||     2
    Use: Scroll            |       |     2 |     6 ||     8
         Potion            |       |     1 |     3 ||     4
   Stab: Sleeping          |    13 |    10 |    19 ||    42
         Distracted        |     1 |       |       ||     1
 Armour: Skin              |     4 |     4 |     3 ||    11
  Dodge: Dodged            |    32 |    38 |    63 ||   133
  Block: Buckler           |    13 |    14 |    18 ||    45

Table legend: (Time is in decaauts)
 A = Elapsed time spent in this place.
 B = Non-inter-level travel time spent in this place.
 C = Inter-level travel time spent in this place.
 D = Time resting spent in this place.
 E = Time spent auto-exploring this place.
 F = Levels seen in this place.
 G = Mean time per level.
                   A        B        C        D        E       F      G
               +--------+--------+--------+--------+--------+-----+--------+
         Total |   5180 |   5061 |    119 |    111 |   3462 |   6 |  863.3 |
       Dungeon |   4316 |   4197 |    119 |      5 |   3106 |   5 |  863.2 |
       Ossuary |    863 |    863 |      0 |    106 |    356 |   1 |  863.0 |
               +--------+--------+--------+--------+--------+-----+--------+

Top non-repeatable levels by time:
     D:3: 935 daAuts
     D:1: 913 daAuts
 Ossuary: 863 daAuts
     D:5: 843 daAuts
     D:4: 826 daAuts
     D:2: 797 daAuts
